woodfighter, neutral female human Wizard ------------ ############)####################### |...)......| #-------------------------------- # |.....<.....### #|..............................| ### |..........| # #|...--------.......-----------.| # |..........| ### #|...|+?+|..|------.|..|(((|..-.| ### |..........| # #|...|+++|(.|.....|.|..|(((|..|.| # -+--.------- ###|...| . |%-|.._..|.-|-- . |---.| ### ###### #....--+--.@|.....|....--+--....| # ### # #|........%.|.....|.....[.......| ## # ### #|........{.---|---.{...........| # #### # |..............................| ### ----------.- |...--.--.......^...-.---|--...| # |.....>.....# |...|.. --------.---|..|...|....####### |.......^..| |...|((( |%..-.-..|..|...|...| |...........# |...|((( |%%.|.|..|--|...|...| ------------ ....-----+------.---- -----...| |..............................| -------------------------------- woodfighter the Thaumaturge Experience level: 7 Strength: 11 Dexterity: 15 Constitution: 12 Intelligence: 19 Wisdom: 18 Charisma: 6 Health: 0(53) Energy: 56(77) Def: 4 Gold: 0 Moves: 3468 Dungeon seed: G6NgHc1JjmdQUcT0 Game ID: woodfighter_1446893026 Your Inventory: Weapons a - a blessed +1 quarterstaff (weapon in hands) i - 3 +0 daggers Armor e - an uncursed +0 cloak of magic resistance (being worn) r - an uncursed +0 pair of water walking boots (being worn) A - an uncursed +0 dwarvish iron helm (being worn) Comestibles m - an uncursed cream pie H - an uncursed food ration Wands h - a wand of speed monster (0:6) F - a wand of magic missile (0:6) I - a wand of digging (0:7) L - a wand of digging (0:4) U - a wand of create monster (0:11) Tools j - a blessed tallow candle (0:200) s - an uncursed bag of holding v - an uncursed skeleton key G - a cursed tallow candle (0:200) J - an uncursed tallow candle (0:200) Gems n - an uncursed worthless piece of green glass Contents of the bag of holding: 313 gold pieces 4 +0 daggers a +2 elven dagger an uncursed +0 alchemy smock a blessed +0 dwarvish cloak an uncursed +0 dwarvish cloak an uncursed +0 dwarvish cloak an uncursed +0 dwarvish cloak an uncursed +0 dwarvish cloak an uncursed +0 dwarvish cloak an uncursed +0 dwarvish cloak an uncursed +0 dwarvish cloak an uncursed +0 dwarvish cloak a cursed -1 dwarvish cloak an uncursed +0 orcish helm 2 uncursed food rations an uncursed scroll of destroy armor 2 uncursed scrolls of identify a cursed scroll of identify an uncursed scroll of scare monster an uncursed scroll of stinking cloud a blessed spellbook of force bolt an uncursed spellbook of sleep an uncursed potion of enlightenment an uncursed potion of gain level an uncursed potion of invisibility an uncursed potion of paralysis an uncursed potion of water an uncursed +1 ring of gain strength an uncursed blindfold a +0 pick-axe 16 uncursed tallow candles (0:200) 11 cursed tallow candles (0:200) an uncursed wax candle (0:400) an uncursed fluorite stone an uncursed garnet stone 2 uncursed jet stones an uncursed opal an uncursed topaz stone an uncursed worthless piece of black glass an uncursed worthless piece of green glass an uncursed worthless piece of red glass 3 uncursed worthless pieces of yellow glass an uncursed worthless piece of yellowish brown glass Spells and supernatural/magical abilities: Name Level Category Fail Memory a - force bolt 1 attack 0% 83% z - sleep 1 enchantment 0% 83% W - pray for help -- divine ? -- Your skills at the end: Miscellaneous Skills wands [Basic] Weapon Skills quarterstaff [Basic] Spellcasting Skills attack spells [Basic] enchantment spells [Basic] Final Attributes: You were fervently aligned. You were magic-protected. You could walk on water. You are dead. Vanquished creatures: a small mimic a gnome king a yeti a dog a housecat a dwarf lord a dust vortex 3 human zombies an orc shaman a shrieker 4 gnome lords 7 gnomish wizards a red naga hatchling a black naga hatchling a kitten 10 dwarves a kobold lord 6 hill orcs 2 giant bats 3 orc zombies 2 dwarf zombies 9 killer bees 2 hobbits 2 geckos a hobgoblin 2 giant rats a yellow mold 25 gnomes a gnome zombie a jackal a fox 2 kobolds 3 newts 4 goblins a sewer rat 10 grid bugs 2 lichens a kobold zombie 118 creatures vanquished. Voluntary challenges: You did not adorn yourself with jewelry or accessories. You used a wielded weapon 102 times, starting on turn 64. You did not apply a unicorn horn. You were illiterate. You never genocided any monsters. You never polymorphed an object. You never changed form. You used no wishes. You never split a pudding. You never wrote Elbereth's name. You violated your moral code, losing 5 points of alignment, starting on turn 2286. Dungeon overview: The Dungeons of Doom: levels 1 to 5 Level 1 a long staircase Level 2 some fountains Level 3 (vault) some fountains Level 4 (vault) a general store stairs to The Gnomish Mines Level 5 The Gnomish Mines: levels 5 to 10 Level 5 stairs to The Dungeons of Doom Level 6 Level 7 <- You were here many shops, a temple to Thoth, a magic chest, some fountains Level 8 Level 9 Level 10 History has recorded: On T:1 you entered the Dungeons of Doom to retrieve the Amulet of Yendor! On T:133 you reached level 2 of The Dungeons of Doom. On T:406 you advanced to experience level 2. On T:501 you reached level 3 of The Dungeons of Doom. On T:817 you advanced to experience level 3. On T:864 you reached level 4 of The Dungeons of Doom. On T:1517 you reached level 1 of The Gnomish Mines. On T:1580 you advanced to experience level 4. On T:1713 you reached level 5 of The Dungeons of Doom. On T:1815 you advanced to experience level 5. On T:1998 you reached level 2 of The Gnomish Mines. On T:2216 you advanced to experience level 6. On T:2692 you reached level 3 of The Gnomish Mines. On T:2736 you advanced to experience level 7. On T:2748 you reached level 4 of The Gnomish Mines. On T:2857 you entered the Minetown temple On T:3074 you reached level 6 of The Gnomish Mines. On T:3110 you reached level 5 of The Gnomish Mines. Score breakdown: Gold: 313 ( 31 points) Experience: 7 levels ( 600 points) Exploration: 10 levels ( 270 points) Discoveries: 7 items ( 350 points) Variety of kills: 38 monsters ( 1900 points) Major goal: reached Minetown ( 500 points) Survival: died (score multiplied by 3) Total score: 10953 Latest messages: The magic missile hits you! Some of the missiles bounce off! Nenilukah is caught in the magical blast! You put an uncursed hard hat into the bag called holding. (2x) You put a blessed hooded cloak into the bag called holding. You put an uncursed hooded cloak into the bag called holding. You put an uncursed pair of hard shoes into the bag called holding. You cannot stash something you are wearing. You put an uncursed hooded cloak into the bag called holding. You put an uncursed pair of hard shoes into the bag called holding. Your movements are only slowed slightly by your load. You put an effervescent potion into the bag called holding. You put an emerald potion into the bag called holding. You put a magenta potion into the bag called holding. You put a twisted ring into the bag called holding. You put a yellowish brown gem into the bag called holding. The spell hits Nenilukah! Nenilukah zaps a wand of magic missile! The magic missile hits you! Some of the missiles bounce off! The magic missile bounces! The magic missile hits you! Some of the missiles bounce off! You die... Nenilukah looks at your corpse and disappears. Final status: Goodbye woodfighter the Wizard, killed by a magic missile... You died in The Gnomish Mines on dungeon level 7 with 10953 points, and 313 pieces of gold, after 3468 moves. You were level 7 with a maximum of 53 hit points when you died.